 Dungeon Crawl Stone Soup version 0.27.1-2-g3b301248ec (webtiles) character file.

Game seed: 1233655295221765161

23 Metae the Skirmisher (level 3, -4/33 HPs)
             Began as a Hill Orc Fighter on Sept 27, 2021.
             Slain by Natasha (5 damage)
             ... on level 2 of the Dungeon.
             The game lasted 00:03:00 (1130 turns).

Metae the Skirmisher (Hill Orc Fighter)             Turns: 1130, Time: 00:03:00

Health: -4/33      AC:  6    Str: 19    XL:     3   Next: 0%
Magic:  3/3        EV:  7    Int:  8    God:
Gold:   53         SH:  9    Dex: 10    Spells: 2/2 levels left

rFire    . . .     SeeInvis .   a - +0 war axe
rCold    . . .     Faith    .   c - +0 kite shield
rNeg     + . .     Spirit   .   b - +0 scale mail
rPois    .         Reflect  .   (no helmet)
rElec    .         Harm     .   (no cloak)
rCorr    .         Rampage  .   (no gloves)
Will     .....                  (no boots)
Stlth    ..........             (no amulet)
HPRegen  0.11/turn              k - ring of positive energy
MPRegen  0.08/turn              (no ring)

@: mighty, slowed, very slow
A: no striking features
a: no special abilities


You were on level 2 of the Dungeon.
You visited 1 branch of the dungeon, and saw 2 of its levels.

You collected 53 gold pieces.

Inventory:

Hand Weapons
 a - a +0 war axe (weapon)
 o - a +0 hunting sling
Armour
 b - a +0 scale mail (worn)
 c - a +0 kite shield (worn)
 p - a +0 chain mail
Jewellery
 f - a ring of fire
 k - a ring of positive energy (left hand)
Scrolls
 e - a scroll of immolation {unknown}
 h - a scroll of teleportation {unknown}
 i - a scroll of noise {unknown}
 j - a scroll of summoning {unknown}
 l - 3 scrolls of identify {unknown}
 n - a scroll of enchant armour {unknown}
Potions
 d - a potion of might
 g - a potion of flight {unknown}
 m - a potion of curing {unknown}


   Skills:
 + Level 4.0 Fighting
 + Level 3.2 Axes
 + Level 3.6 Armour
 + Level 3.6 Shields


You had 2 spell levels left.
You didn't know any spells.
Your spell library contained the following spells:

 Spells                   Type           Power      Damage    Failure   Level
 Portal Projectile        Hex/Tloc       0%         N/A       100%        3
 Blade Hands              Tmut           0%         N/A       100%        5
 Excruciating Wounds      Necr           0%         N/A       100%        5


Dungeon Overview and Level Annotations

Branches:
Dungeon (2/15)

Altars:

Annotations:
D:2 Natasha


Message History

Natasha closely misses you. Natasha claws you.
You closely miss Natasha.
Natasha is lightly wounded.
Natasha growls.
You block Natasha's attack.
You miss Natasha.
Natasha is lightly wounded.
Natasha casts a spell at you. The magic dart hits you!
Natasha barely misses you.
You closely miss Natasha.
Natasha is lightly wounded.
Natasha casts a spell at you. The magic dart hits you.
You completely miss Natasha.
Natasha is lightly wounded.
Natasha claws you but does no damage. You block Natasha's attack.
You miss Natasha.
Natasha is lightly wounded.
Natasha casts a spell at you.
You feel yourself slow down.
Natasha growls.
Natasha claws you.
You barely miss Natasha.
Natasha is lightly wounded.
Natasha claws you!
* * * LOW HITPOINT WARNING * * *
Natasha growls.
Natasha barely misses you. You block Natasha's attack.
You block Natasha's attack.
You feel very mighty all of a sudden. Natasha completely misses you.
Natasha claws you.
* * * LOW HITPOINT WARNING * * *
You barely miss Natasha.
Natasha is lightly wounded.
Natasha claws you but does no damage. x2
You barely miss Natasha.
Natasha is lightly wounded.
Natasha claws you.
You die...

#.##..#########
..#..#<......#
#.#..#.#####.#
#....#.[ #.#
####...#.## #.#
.......#.. #.#
###...#######.#
#.....h@......#
#.#.#.#########
# #.. #..# #.>?
#.### #.# #.#


You could see Natasha.

Vanquished Creatures
  An adder (D:2)
  A dart slug (D:1)
  An endoplasm (D:1)
  3 giant cockroaches (D:1)
  A quokka (D:1)
  2 bats (D:1)
  A goblin (D:1)
  A kobold (D:1)
  A rat (D:1)
12 creatures vanquished.

Notes
Turn   | Place    | Note
-------+----------+-------------------------------------------
     0 | D:1      | Metae the Hill Orc Fighter began the quest for the Orb.
     0 | D:1      | Reached XP level 1. HP: 19/19 MP: 1/1
   373 | D:1      | Reached XP level 2. HP: 27/27 MP: 2/2
   930 | D:2      | Reached skill level 4 in Fighting
   930 | D:2      | Reached XP level 3. HP: 13/33 MP: 3/3
  1115 | D:2      | Noticed Natasha
  1128 | D:2      | HP: 1/33 [Natasha (6)]
  1130 | D:2      | Slain by Natasha

Illustrated notes

Levels and vault maps discovered:
D:1:      heliophobic_arrival_ceremonial_halls, layout_basic, minmay_nonomino_d4
D:2:      layout_basic, kennysheep_generic_room_2, uniq_natasha, uniq_terence

Skill      XL: |  1  2 |
---------------+-------+-----
Axes           | 3 |  3.2
Fighting       | 4 |  4.0
Armour         | |  3.6
Shields        | |  3.6

Action                   || total
-------------------------++-------
Melee: War axe           ||    58
  Use: Potion            ||     1
Armor: Scale mail        ||    31
Dodge: Dodged            ||    24
Block: Kite shield       ||    54
